 Dungeon Crawl Stone Soup version 0.31-a0-963-ga325b2283a (webtiles) character file.

Game seed: 1412139785177715253

2972 Dordric the Mimic (level 9, -2/64 HPs)
             Began as a Purple Draconian Shapeshifter on Oct 24, 2023.
             Was a Priest of Makhleb.
             Slain by a hornet (3 damage)
             ... on level 9 of the Dungeon.
             The game lasted 00:10:53 (7911 turns).

Dordric the Mimic (Purple Draconian Shapeshifter)   Turns: 7911, Time: 00:10:54

Health: -2/64      AC: 12    Str: 19    XL:     9   Next: 53%
Magic:  9/9        EV: 12    Int: 11    God:    Makhleb [***...]
Gold:   327        SH:  0    Dex: 12    Spells: 8/8 levels left

rFire   . . .        n - melded +4 short sword
rCold   . . .        (shield currently unavailable)
rNeg    . . .        (body armour unavailable)
rPois   .            (helmet restricted)
rElec   .            H - +0 cloak
rCorr   .            y - +0 pair of gloves
SInv    +            h - +2 pair of boots
Will    ++...        (no amulet)
Stlth   +            r - ring of willpower
HPRegen 0.30/turn    l - ring of see invisible
MPRegen 0.11/turn

%: no passive effects
@: lethally poisoned (-2 -> -11), flux-form, slowed, glowing, very slow
A: glow, contaminating, breathe power, AC +7, unfitting armour, cold-blooded
a: Breathe Dispelling Energy, Begin Untransformation, Renounce Religion, Minor
Destruction, Lesser Servant of Makhleb


You were on level 9 of the Dungeon.
You worshipped Makhleb.
Makhleb was most pleased with you.
You were something dangerously unstable.
You visited 2 branches of the dungeon, and saw 10 of its levels.

You collected 327 gold pieces.

Inventory:

Hand Weapons
 n - a +4 short sword (melded)
Armour
 h - a +2 pair of boots (worn)
 y - a +0 pair of gloves (worn)
 H - a +0 cloak (worn)
Jewellery
 l - a ring of see invisible (right hand)
 r - a ring of willpower (left hand)
 v - a ring of magical power
 A - a ring of flight
Talismans
 b - a beast talisman
 c - a flux talisman (active)
 G - a talisman of death
Wands
 B - a wand of flame (45)
 E - a wand of charming (9)
Scrolls
 d - a scroll of poison {unknown}
 i - a scroll of blinking
 k - a scroll of brand weapon
 w - 2 scrolls of fear
 x - 2 scrolls of enchant armour
 z - 2 scrolls of amnesia
 C - a scroll of identify
 D - a scroll of revelation {unknown}
 I - a scroll of vulnerability {unknown}
Potions
 a - a potion of lignification
 e - a potion of degeneration {unknown}
 f - 3 potions of magic
 g - 2 potions of attraction {unknown}
 j - 2 potions of might {unknown}
 m - a potion of cancellation {unknown}
 o - 3 potions of curing
 p - a potion of ambrosia {unknown}
 q - a potion of heal wounds {unknown}
 s - 2 potions of brilliance {unknown}
 t - a potion of invisibility {unknown}
 u - 2 potions of berserk rage {unknown}
 F - a potion of mutation {unknown}


   Skills:
 - Level 1.1 Fighting
 - Level 1.7 Dodging
 - Level 3.0 Unarmed Combat
 + Level 12.5 Shapeshifting


You had 8 spell levels left.
You didn't know any spells.
Your spell library contained the following spells:

 Spells                   Type           Power      Damage    Failure   Level
 Apportation              Tloc           0%         N/A       34%         1
 Kiss of Death            Conj/Necr      0%         2d5       34%         1
 Necrotise                Necr           0%         1d4       34%         1
 Summon Small Mammal      Summ           0%         N/A       34%         1
 Ensorcelled Hibernation  Hex/Ice        0%         N/A       47%         2
 Jinxbite                 Hex            0%         N/A       47%         2
 Confusing Touch          Hex            0%         N/A       71%         3
 Dazzling Flash           Conj/Hex       0%         N/A       71%         3
 Ignite Poison            Fire/Tmut/Pois 0%         N/A       71%         3
 Vampiric Draining        Necr           0%         2d6       71%         3
 Anguish                  Hex/Necr       0%         N/A       98%         4
 Dispel Undead            Necr           0%         3d6       98%         4
 Flame Wave               Conj/Fire      0%         2d4       98%         4
 Agony                    Necr           0%         N/A       100%        5
 Metabolic Englaciation   Hex/Ice        0%         N/A       100%        5


Dungeon Overview and Level Annotations

Branches:
Dungeon (9/15)             Temple (1/1) D:7
   Lair: D:8-11         Orc: D:9-12

Altars:
Ashenzari
Cheibriados
Dithmenos
Elyvilon
Fedhas
Gozag
Hepliaklqana
Makhleb
Okawaru
Qazlal
Ru
Sif Muna
Trog
Uskayaw
Vehumet
Wu Jian
Yredelemnul
Zin
The Shining One

Shops:
D:2 !   D:4 ?   D:8 (:?


Innate Abilities, Weirdness & Mutations

You are something dangerously unstable.
You glow with magical radiation, making you easy to see and hit.
Foes you strike become dangerously contaminated with magical radiation.
You are incapable of wielding weapons or throwing items.
You can breathe bolts of dispelling energy.
Your rich purple scales are hard. (AC +7)
You cannot fit into any form of body armour.
You are cold-blooded and may be slowed by cold attacks.


Message History

I - a scroll labelled HEUXZU ETIOZO An acid dragon comes into view.
A malevolent force fills the Dungeon... and a teleportation trap spontaneously manifests!
You are yanked towards some nearby monsters!
Your surroundings suddenly seem different. 2 hornets come into view.
Found a hide-covered altar of Uskayaw.
The hornet buzzes angrily.
The acid dragon moves out of view.
The hornet moves out of view.
The hornet attacks as it pursues you!
The hornet stings you but does no damage.
The hornet attacks as it pursues you! The hornet stings you!
You feel yourself slow down. The hornet stings you!
You feel as though you will be slow longer.
You hit the hornet but do no damage.
The hornet begins to glow.
The hornet barely misses you. The hornet stings you!
You feel as though you will be slow longer.
You closely miss the hornet. The hornet stings you.
You suddenly lose the ability to move!
The hornet stings you.
You are poisoned.
You feel as though you will be slow longer.
You feel sick. The hornet stings you!
* * * LOW HITPOINT WARNING * * *
You feel as though you will be slow longer.
The hornet barely misses you.
You feel sick. The hornet stings you.
* * * LOW HITPOINT WARNING * * *
You feel as though you will be slow longer.
The hornet stings you but does no damage.
You can move again.
Unknown command.
You feel sick.
The hornet stops glowing.
The hornet attacks as it pursues you! The hornet closely misses you.
The hornet stings you.
* * * LOW HITPOINT WARNING * * *
You feel as though you will be slow longer.
It was a potion of curing.
You feel better. The hornet stings you!
* * * LOW HITPOINT WARNING * * *
You are lethally poisoned!
You shrug off the repeated paralysis!
The hornet stings you.
You die...

#..8.....8..#
#...........#
....8.8....#
.......y..#
#.......#.# #..#
#.#.#._.#.#.# #..#
#.#.......#.# #..#
#.####.####.# #..#
#...##yyp...# #..#
#...#####...# #..#
#...#####...# #..#
#...........#
####..###...........#
............######..#
............# ..#
###...####..# ..#
#...# #..# D.#


You could see 2 hornets.

Vanquished Creatures
  Pikel (D:8)
  A steam dragon (D:7)
  Menkaure (D:6)
  A water moccasin (D:7)
  A sky beast (D:6)
  2 orc warriors (D:7)
  An ice beast (D:5)
  3 ogres
  3 lemures
  2 bullfrogs
  Blork the orc (D:4)
  2 scorpions
  8 wights
  2 howler monkeys (D:6)
  Crazy Yiuf (D:7)
  3 jellies
  3 hounds
  3 orc priests
  A gnoll bouda (D:7)
  An iguana (D:7)
  6 orc wizards
  4 gnolls (D:7)
  4 adders
  2 shadow imps
  2 white imps (D:7)
  2 ufetubi (D:6)
  A worm (D:3)
  A dart slug (D:3)
  28 orcs
  7 ball pythons
  4 endoplasms
  2 giant cockroaches
  4 goblins
  4 hobgoblins
  11 jackals
  2 quokkas
  6 bats
  A frilled lizard (D:3)
  7 kobolds
  6 rats
145 creatures vanquished.

Notes
Turn   | Place    | Note
-------+----------+-------------------------------------------
     0 | D:1      | Dordric the Draconian Shapeshifter began the quest for the
                  | Orb.
     0 | D:1      | Reached XP level 1. HP: 16/16 MP: 1/1
   312 | D:1      | Reached XP level 2. HP: 23/23 MP: 2/2
   866 | D:2      | Reached skill level 4 in Shapeshifting
   962 | D:2      | Reached XP level 3. HP: 28/28 MP: 3/3
   979 | D:2      | Found Idosidoe's Distillery.
   994 | D:2      | Found a burning altar of Makhleb.
  1037 | D:2      | Became a worshipper of Makhleb the Destroyer
  1478 | D:3      | Found a faded altar of an unknown god.
  1700 | D:3      | Reached XP level 4. HP: 33/35 MP: 4/4
  1753 | D:3      | Reached skill level 5 in Shapeshifting
  2041 | D:3      | Reached * piety under Makhleb
  2042 | D:3      | Reached XP level 5. HP: 19/40 MP: 5/5
  2412 | D:4      | Identified the "Bugeakka"
  2536 | D:4      | Reached skill level 6 in Shapeshifting
  2641 | D:4      | Found Ycenegedd's Magic Scroll Boutique.
  2672 | D:4      | Noticed Blork the orc
  2689 | D:4      | Killed Blork the orc
  2690 | D:4      | Reached XP level 6. HP: 31/47 MP: 6/6
  3068 | D:5      | Entered Level 5 of the Dungeon
  3223 | D:5      | Noticed an ice beast
  3337 | D:5      | Reached skill level 7 in Shapeshifting
  3604 | D:5      | Your scales start taking on a rich purple colour.
  3604 | D:5      | Reached XP level 7. HP: 41/52 MP: 7/7
  3796 | D:5      | Reached skill level 8 in Shapeshifting
  3840 | D:5      | Found a blossoming altar of Fedhas.
  4431 | D:6      | Noticed Menkaure
  4440 | D:6      | Killed Menkaure
  4584 | D:6      | Reached ** piety under Makhleb
  4585 | D:6      | Reached skill level 9 in Shapeshifting
  4585 | D:6      | Reached XP level 8. HP: 58/59 MP: 8/8
  4940 | D:6      | Found a burning altar of Makhleb.
  5071 | D:6      | Found a sacrificial altar of Ru.
  5246 | D:7      | Identified the "Vugir"
  5246 | D:7      | Identified the of Sixtuhan
  5246 | D:7      | Identified the "Emmoigag"
  5246 | D:7      | Identified the of Ryupidin
  5246 | D:7      | Identified the of Civiul
  5273 | D:7      | Reached skill level 10 in Shapeshifting
  5289 | D:7      | Found a staircase to the Ecumenical Temple.
  5859 | D:7      | Reached skill level 11 in Shapeshifting
  5861 | D:7      | Found a broken altar of Ashenzari.
  5913 | Temple   | Entered the Ecumenical Temple
  6111 | D:7      | Found a glowing golden altar of the Shining One.
  6111 | D:7      | Found a white marble altar of Elyvilon.
  6111 | D:7      | Found a glowing silver altar of Zin.
  6179 | D:7      | Reached *** piety under Makhleb
  6210 | D:7      | Found a shimmering blue altar of Sif Muna.
  6218 | D:7      | Reached XP level 9. HP: 63/64 MP: 9/9
  6273 | D:7      | Found a bloodstained altar of Trog.
  6797 | D:7      | Found a runed translucent door.
  6798 | D:7      | Noticed Crazy Yiuf
  6856 | D:7      | Killed Crazy Yiuf
  6977 | D:8      | Found Pighusy's Magic Scroll Emporium.
  6995 | D:8      | Noticed Pikel
  7408 | D:8      | Noticed a walking crystal tome
  7410 | D:8      | Found Tuofrio's Book Emporium.
  7496 | D:8      | Noticed a walking crystal tome
  7518 | D:8      | Killed Pikel
  7519 | D:8      | Reached skill level 12 in Shapeshifting
  7541 | D:8      | Found Omeogg's Weapon Shop.
  7580 | D:8      | Found a faded altar of an unknown god.
  7902 | D:9      | Found a hide-covered altar of Uskayaw.
  7907 | D:9      | Paralysed by a hornet for 3 turns
  7911 | D:9      | HP: 1/64 [hornet (10)]
  7911 | D:9      | Slain by a hornet

Illustrated notes

Levels and vault maps discovered:
D:1:      dpeg_arrival_simpleton_a, layout_loops_ring, chequers_arboretum
D:2:      layout_loops_ring, basic_altar, serial_shops, shop
D:3:      layout_loops_cross, nicolae_ecumenical_pavilion
D:4:      layout_gridville, serial_shops, nicolae_shop_back_alley_shop,
          uniq_blork_the_orc
D:5:      layout_loops_corners, nicolae_overflow_hidden_temple,
          minmay_diced_spiral
D:6:      layout_rooms, bloody_makhleb, nicolae_ru_path_of_blood, uniq_menkaure
D:7:      layout_basic, good_gods_mini_temple, evilmike_ruin_ashenzari,
          nzn_overflow_gifts_of_might_and_magic,
          minmay_temple_entry_stoned_glass, uniq_crazy_yiuf_cottage
D:8:      layout_cave_pools, serial_shops, shop, shop, nicolae_shop_mannequins,
          serial_column_ruins, column_ruins_hut_ruined,
          column_ruins_temple_circle, column_ruins_grid_1,
          column_ruins_open_small, column_ruins_corridor_corner,
          column_ruins_open_medium, column_ruins_open_small,
          column_ruins_columns_corner, uniq_pikel
D:9:      layout_long_grid, kiku_gazebo_garden_becter,
          nicolae_uskayaw_dance_hall, mainiacjoe_overflow_alcove_2
Temple:   nicolae_temple_ecumenical_triangle

Skill      XL: |  1  2  3  4  5  6  7  8  9 |
---------------+----------------------------+-----
Shapeshifting  | 4 5 6 7 9 11 12 | 12.5
Fighting       | |  1.1
Dodging        | |  1.7
Unarmed Combat | |  3.0

Action                     |  1- 3 |  4- 6 |  7- 9 || total
---------------------------+-------+-------+-------++-------
  Melee: Unarmed           |   118 |   160 |   300 ||   578
         Tailslap          |    12 |    26 |    46 ||    84
         Punch             |     7 |       |       ||     7
         Short sword       |       |     2 |       ||     2
 Invoke: Minor Destruction |       |       |     1 ||     1
Ability: Breathe Dispellin |       |       |    12 ||    12
  Evoke: Wand              |       |       |     6 ||     6
    Use: Scroll            |       |     2 |     7 ||     9
         Potion            |       |       |     1 ||     1
   Stab: Sleeping          |     2 |       |       ||     2
 Armour: Skin              |    58 |    85 |   211 ||   354
  Dodge: Dodged            |    62 |   104 |   182 ||   348
   Form: Flux              |       |     1 |     1 ||     2
         Death             |       |       |     1 ||     1

Table legend: (Time is in decaauts)
 A = Elapsed time spent in this place.
 B = Non-inter-level travel time spent in this place.
 C = Inter-level travel time spent in this place.
 D = Time resting spent in this place.
 E = Time spent auto-exploring this place.
 F = Levels seen in this place.
 G = Mean time per level.
                   A        B        C        D        E       F      G
               +--------+--------+--------+--------+--------+-----+--------+
         Total |   7893 |   7522 |    371 |    547 |   5509 |  10 |  789.3 |
       Dungeon |   7776 |   7405 |    371 |    432 |   5509 |   9 |  864.0 |
        Temple |    116 |    116 |      0 |    115 |      0 |   1 |  116.0 |
               +--------+--------+--------+--------+--------+-----+--------+

Top non-repeatable levels by time:
     D:7: 1914 daAuts
     D:5: 1250 daAuts
     D:3: 927 daAuts
     D:6: 811 daAuts
     D:1: 788 daAuts
     D:4: 761 daAuts
     D:2: 689 daAuts
     D:8: 568 daAuts
  Temple: 116 daAuts
     D:9: 64 daAuts
